 Dungeon Crawl Stone Soup version 0.27-a0-394-g49c82dfaf2 (webtiles) character file.

Game seed: 16794005390216530217

16211 halftheisland the Basher (level 12, -6/126 HPs)
             Began as a Troll Berserker on Feb 21, 2021.
             Was a High Priest of Trog.
             Killed from afar by a bog body (16 damage)
             ... with a bolt of cold
             ... on level 2 of the Lair of Beasts.
             The game lasted 00:40:57 (9990 turns).

halftheisland the Basher (Troll Berserker)          Turns: 9990, Time: 00:40:57

Health: -6/126     AC:  6    Str: 41    XL:     12   Next: 8%
Magic:  0/11       EV: 11    Int:  5    God:    Trog [*****.]
Gold:   642        SH:  0    Dex: 19    Spells: 11/11 levels left

rFire    . . .     SeeInvis +   e - +2 whip (elec)
rCold    + . .     Faith    .   (no shield)
rNeg     . . .     Spirit   +   b - +0 animal skin
rPois    .         Reflect  .   B - +1 hat
rElec    .         Harm     .   c - +0 cloak {Will+}
rCorr    .         Rampage  .   (gloves unavailable)
Will     +....                  (boots unavailable)
Stlth    ++........             A - amulet of Awe {Spirit *Drain rC+ Str+7 SInv}
HPRegen  1.31/turn              d - +6 ring of strength
MPRegen  0.12/turn              h - +6 ring of dexterity

@: lethally poisoned (-6 -> -7), berserk cooldown, slowed, very slow
A: large, unfitting armour, claws 3, horns 1, clever 1, regeneration 1, shaggy
fur 1, tough skin 1
a: Renounce Religion, Berserk, Trog's Hand, Brothers in Arms


You were on level 2 of the Lair of Beasts.
You worshipped Trog.
Trog was extremely pleased with you.
You visited 3 branches of the dungeon, and saw 11 of its levels.

You collected 642 gold pieces.

Inventory:

Hand Weapons
 a - a +0 mace
 e - a +2 whip of electrocution (weapon)
 j - a +2 dagger of venom
Missiles
 o - 18 javelins
 p - 6 boomerangs
 r - 46 poisoned darts (quivered)
Armour
 b - a +0 animal skin (worn)
 c - a +0 cloak of willpower (worn)
 B - a +1 hat (worn)
Magical Staves
 s - a staff of fire
Jewellery
 d - a +6 ring of strength (left claw)
 g - a ring of willpower
 h - a +6 ring of dexterity (right claw)
 k - an amulet of reflection
 m - a ring of see invisible
 t - an amulet of faith
 z - a ring of protection from cold
 A - the amulet of Awe (around neck) {Spirit *Drain rC+ Str+7 SInv}
   (You found it on level 8 of the Dungeon)

   [amulet of guardian spirit]

   It causes incoming damage to be split between your health and magic.
   It affects your strength (+7).
   It protects you from cold.
   It lets you see invisible.
   It causes draining when unequipped.
 C - an amulet of magic regeneration
Wands
 n - a wand of polymorph (4)
 q - a wand of mindburst (21)
 u - a wand of flame (31)
 D - a wand of acid (10)
Scrolls
 i - 8 scrolls of teleportation
 l - a scroll of blinking
 v - 7 scrolls of identify
 x - 3 scrolls of fear
 y - a scroll of magic mapping
Potions
 f - 2 potions of might
 w - 3 potions of haste


   Skills:
 + Level 9.7 Fighting
 + Level 13.2 Maces & Flails
 + Level 7.1 Throwing
 - Level 2.4 Dodging


You had 11 spell levels left.
You didn't know any spells.
Your spell library contained the following spells:

 Spells                   Type           Power        Failure   Level
 Animate Skeleton         Necr           0%           47%         1
 Apportation              Tloc           0%           47%         1
 Corona                   Hex            0%           47%         1
 Summon Small Mammal      Summ           0%           47%         1


Dungeon Overview and Level Annotations

Branches:
Dungeon (8/15)             Temple (1/1) D:4            Lair (2/6) D:8
  Swamp: Lair:2-4    Shoals: Lair:2-4     Snake: Lair:2-4    Spider: Lair:2-4

Altars:
Cheibriados
Dithmenos
Elyvilon
Fedhas
Gozag
Hepliaklqana
Kikubaaqudgha
Makhleb
Nemelex Xobeh
Okawaru
Qazlal
Ru
Uskayaw
Vehumet
Wu Jian
Xom
Yredelemnul
The Shining One

Shops:
D:8 [

Annotations:
D:8 orcs here


Innate Abilities, Weirdness & Mutations

You are too large for most types of armour.
You have claws for hands.
Your natural rate of healing is unusually fast.
You are covered in fur. (AC +1)
You have tough skin. (AC +1)
You have a pair of small horns on your head.
Your mind is acute. (Int +2)


Message History

You feel sick.
You whack the death yak!
Lightning courses through the death yak!
You kill the death yak!
Trog accepts your kill.
You feel sick.
You are too berserk!
You feel very sick.
You feel a strong urge to attack something.
You are no longer berserk.
You are exhausted.
You feel yourself slow down.
You feel sick.
Okay, then.
You feel very sick.
You feel very sick.
You feel very sick.
You feel very sick.
You feel very sick.
You see here a yak corpse.
You feel sick.
You feel very sick.
A bog body comes into view.
You see here a yak corpse.
You feel sick.
You feel sick.
You see here a yak corpse.
You feel sick.
You feel sick.
You see here a yak corpse.
You feel sick.
You whack the bog body!
The bog body is lightly damaged.
You feel sick.
You whack the bog body!
The bog body is heavily damaged.
The bog body touches you but does no damage.
You feel sick.
The bog body points at you and mumbles some strange words.
The bolt of cold hits you!! You resist.
You die...

#.....♣$♣....#
##....♣♣8....# ##
##..P...P.♣.# #.##
#(........## ##..
#.........P#
.#.....###...##..#
.....:# #...#####
#...###.#.#
#..†n@.###
##.†#.## ######


You could see a bog body.

Vanquished Creatures
  A hydra (Lair:1)
  Erica (D:8)
  4 death yaks (Lair:2)
  A two-headed ogre (D:8)
  An ugly thing (D:8)
  3 black mambas
  A gargoyle (D:8)
  2 cane toads
  A komodo dragon (Lair:1)
  5 spriggans (Lair:1)
  15 yaks
  Sigmund (D:6)
  Eustachio (D:5)
  7 water moccasins
  An ice beast (D:7)
  3 orc warriors (D:8)
  4 black bears
  6 ogres
  A phantom (D:7)
  8 centaurs
  6 bullfrogs
  A gnoll sergeant (D:5)
  3 scorpions
  3 killer bees (D:7)
  A centaur zombie (D:5)
  2 quasits
  3 hounds (D:7)
  2 centaur skeletons
  A gnoll shaman (D:8)
  Jessica (D:2)
  Natasha (thrice) (D:3)
  Terence (D:2)
  4 iguanas
  6 orc wizards
  5 worker ants
  A hound zombie (D:7)
  2 howler monkey skeletons (D:5)
  A howler monkey zombie (D:5)
  Robin (D:2)
  A worker ant zombie (D:6)
  10 gnolls
  10 adders
  2 shadow imps
  7 white imps
  4 ufetubi
  An ooze (D:4)
  An adder skeleton (D:8)
  5 leopard geckos
  18 orcs
  6 bats
  6 giant cockroaches
  12 goblins
  7 hobgoblins
  10 jackals
  5 kobolds
  A quokka (D:4)
  2 ball pythons (D:2)
  4 frilled lizards
  6 rats
232 creatures vanquished.

Vanquished Creatures (collateral kills)
  Gastronok (Lair:1)
1 creature vanquished.

Vanquished Creatures (others)
  17 fungi
  23 plants (D:8)
40 creatures vanquished.

Grand Total: 273 creatures vanquished

Notes
Turn   | Place    | Note
-------+----------+-------------------------------------------
     0 | D:1      | halftheisland the Troll Berserker began the quest for the
                  | Orb.
     0 | D:1      | Reached XP level 1. HP: 22/22 MP: 0/0
   199 | D:1      | Gained mutation: You expend magic power (3 MP) to
                  | strengthen your wands. [potion of mutation]
   199 | D:1      | Gained mutation: You are partially covered in rugged brown
                  | scales. (AC +1, +3% HP) [potion of mutation]
   199 | D:1      | Gained mutation: You have a pair of small antennae on your
                  | head. [potion of mutation]
   349 | D:1      | Reached skill level 3 in Maces & Flails
   394 | D:1      | Reached XP level 2. HP: 29/29 MP: 1/1
   818 | D:2      | Noticed Robin
   835 | D:2      | Killed Robin
   836 | D:2      | Reached XP level 3. HP: 34/37 MP: 2/2
   836 | D:2      | Reached ** piety under Trog
   925 | D:2      | Noticed Jessica
   931 | D:2      | Killed Jessica
   932 | D:2      | Reached XP level 4. HP: 46/46 MP: 3/3
   936 | D:2      | Reached skill level 4 in Maces & Flails
  1332 | D:2      | Lost mutation: You expend magic power (3 MP) to strengthen
                  | your wands. [potion of mutation]
  1332 | D:2      | Lost mutation: You are partially covered in rugged brown
                  | scales. (AC +1, +3% HP) [potion of mutation]
  1332 | D:2      | Lost mutation: You have a pair of small antennae on your
                  | head. [potion of mutation]
  1332 | D:2      | Gained mutation: Your mind is acute. (Int +2) [potion of
                  | mutation]
  1332 | D:2      | Gained mutation: You have a pair of small horns on your
                  | head. [potion of mutation]
  1366 | D:2      | Noticed Terence
  1371 | D:2      | Killed Terence
  1446 | D:3      | Noticed Natasha
  1453 | D:3      | Killed Natasha
  1454 | D:3      | Reached XP level 5. HP: 49/53 MP: 4/4
  1661 | D:3      | Noticed Natasha
  1675 | D:3      | Killed Natasha
  1676 | D:3      | Reached skill level 5 in Maces & Flails
  1835 | D:3      | Noticed Natasha
  1842 | D:3      | Killed Natasha
  2376 | D:4      | Found a staircase to the Ecumenical Temple.
  2417 | D:4      | Reached XP level 6. HP: 61/61 MP: 5/5
  2579 | D:4      | Noticed an air elemental
  2581 | D:4      | Found a stormy altar of Qazlal.
  2585 | D:4      | Noticed a water elemental
  2585 | D:4      | Noticed a fire elemental
  2831 | D:4      | Reached *** piety under Trog
  2975 | Temple   | Entered the Ecumenical Temple
  3498 | D:4      | Found a sacrificial altar of Ru.
  3754 | D:5      | Entered Level 5 of the Dungeon
  3767 | D:5      | Reached skill level 6 in Maces & Flails
  3803 | D:5      | Reached XP level 7. HP: 68/68 MP: 6/6
  3882 | D:5      | Found a white marble altar of Elyvilon.
  4039 | D:5      | Reached skill level 7 in Maces & Flails
  4039 | D:5      | Reached skill level 1 in Throwing
  4889 | D:5      | Noticed Eustachio
  4902 | D:5      | Killed Eustachio
  4903 | D:5      | Reached XP level 8. HP: 79/79 MP: 7/7
  4986 | D:6      | Found a basalt altar of Yredelemnul.
  5183 | D:6      | Noticed Sigmund
  5193 | D:6      | Killed Sigmund
  5194 | D:6      | Reached skill level 8 in Maces & Flails
  5815 | D:7      | Reached skill level 5 in Fighting
  5860 | D:7      | Reached **** piety under Trog
  5940 | D:7      | Found a shadowy altar of Dithmenos.
  6013 | D:7      | Reached XP level 9. HP: 33/88 MP: 8/8
  6102 | D:7      | Reached skill level 9 in Maces & Flails
  6989 | D:8      | Got a smoking lead amulet
  6990 | D:8      | Identified the amulet of Awe {Spirit *Drain rC+ Str+7 SInv}
                  | (You found it on level 8 of the Dungeon)
  7430 | D:8      | Reached skill level 5 in Throwing
  7474 | D:8      | Noticed Erica
  7490 | D:8      | Killed Erica
  7491 | D:8      | Reached skill level 10 in Maces & Flails
  7522 | D:8      | Reached XP level 10. HP: 100/100 MP: 9/9
  7601 | D:8      | Found a staircase to the Lair.
  7687 | D:8      | Noticed a two-headed ogre
  7707 | Lair:1   | Entered Level 1 of the Lair of Beasts
  7784 | D:8      | Killed a two-headed ogre
  7896 | D:8      | Noticed a white ugly thing
  7908 | D:8      | Killed a white ugly thing
  7923 | D:8      | Reached ***** piety under Trog
  8000 | D:8      | Found Cheibriados's Comfort Zone.
  8000 | D:8      | Found a snail-covered altar of Cheibriados.
  8073 | D:8      | Noticed a gargoyle
  8097 | D:8      | Killed a gargoyle
  8098 | D:8      | Reached skill level 11 in Maces & Flails
  8317 | Lair:1   | Identified a scroll of acquirement
  8317 | Lair:1   | Acquired a +0 cloak of willpower
  8483 | Lair:1   | Noticed Gastronok
  8504 | Lair:1   | Killed Gastronok
  8505 | Lair:1   | Reached XP level 11. HP: 62/111 MP: 4/10
  8796 | Lair:1   | Reached skill level 12 in Maces & Flails
  8945 | Lair:1   | Noticed a five-headed hydra
  8953 | Lair:1   | Killed a five-headed hydra
  9933 | Lair:2   | Noticed a death yak
  9933 | Lair:2   | Noticed a death yak
  9937 | Lair:2   | Noticed a death yak
  9940 | Lair:2   | Noticed a death yak
  9948 | Lair:2   | Killed a death yak
  9952 | Lair:2   | Killed a death yak
  9953 | Lair:2   | Reached skill level 13 in Maces & Flails
  9958 | Lair:2   | Killed a death yak
  9965 | Lair:2   | Reached XP level 12. HP: 65/124 MP: 4/11
  9973 | Lair:2   | Killed a death yak
  9982 | Lair:2   | HP: 6/126 [poisoned by a black mamba]
  9990 | Lair:2   | Killed from afar by a bog body

Illustrated notes

Levels and vault maps discovered:
D:1:      dpeg_arrival_concentric_ovals, layout_basic
D:2:      layout_loops_ring, uniq_robin, uniq_jessica, uniq_terence
D:3:      layout_loops_ring, minmay_starry_boxes, uniq_natasha
D:4:      layout_loops_corners, nicolae_qazlal_style_of_elements,
          lemuel_round_altar, minmay_temple_entry_butterflies
D:5:      layout_cave_pods, hex_large, chequers_serial_rivers_micro_b,
          elyvilon_altar_3, uniq_eustachio
D:6:      cheibrodos_quashed, layout_basic, old_standard_altar, uniq_sigmund
D:7:      layout_layer_cave, nicolae_dithmenos_the_darkroom
D:8:      minmay_s_stair_smasher, layout_loops_ring,
          grunt_lair_entry_orc_guard_hut, minmay_shop_chei, uniq_erica
Temple:   eino_temple_water
Lair:1:   kb_forest_paths, layout_regular_city, uniq_gastronok
Lair:2:   layout_misc_corridors, skrybe_swamp_entry_bodies,
          portal_ice_cave_entry_pillars_1, grunt_forest_small_clearing_treed

Skill      XL: |  1  2  3  4  5  6  7  8  9 10 11 |
---------------+----------------------------------+-----
Maces & Flails | 3 4 5 6 7 8 10 11 13 | 13.2
Fighting       | 3 4 5 6 7 9 |  9.7
Throwing       | 1 3 5 6 7 |  7.1
Dodging        | |  2.4

Action                   |  1- 3 |  4- 6 |  7- 9 | 10-12 || total
-------------------------+-------+-------+-------+-------++-------
Melee: Mace              |    91 |       |       |       ||    91
       Whip              |     3 |   127 |   209 |   265 ||   604
       Headbutt          |       |    19 |    57 |   115 ||   191
Throw: Stone             |       |     1 |       |       ||     1
       Dart              |       |     4 |    30 |     8 ||    42
Invok: Berserk           |     1 |     1 |     5 |     5 ||    12
       Brothers in Arms  |       |       |       |     1 ||     1
Evoke: Wand              |       |       |       |     4 ||     4
  Use: Scroll            |     5 |     5 |     5 |     4 ||    19
       Potion            |     3 |     1 |     4 |     5 ||    13
Armor: Animal skin       |    38 |    26 |    29 |    19 ||   112
Dodge: Dodged            |    53 |    45 |    78 |    69 ||   245
Block: Other             |       |    12 |    23 |       ||    35
       Reflection        |       |     2 |       |       ||     2

Table legend: (Time is in decaauts)
 A = Elapsed time spent in this place.
 B = Non-inter-level travel time spent in this place.
 C = Inter-level travel time spent in this place.
 D = Time resting spent in this place.
 E = Time spent auto-exploring this place.
 F = Levels seen in this place.
 G = Mean time per level.
                   A        B        C        D        E       F      G
               +--------+--------+--------+--------+--------+-----+--------+
         Total |   9930 |   9611 |    319 |   1977 |   5390 |  11 |  902.7 |
       Dungeon |   7926 |   7699 |    227 |   1524 |   4467 |   8 |  990.8 |
        Temple |    189 |    178 |     11 |      0 |    176 |   1 |  189.0 |
          Lair |   1813 |   1732 |     81 |    453 |    747 |   2 |  906.5 |
               +--------+--------+--------+--------+--------+-----+--------+

Top non-repeatable levels by time:
  Lair:1: 1376 daAuts
     D:7: 1246 daAuts
     D:5: 1237 daAuts
     D:4: 1201 daAuts
     D:8: 1095 daAuts
     D:3: 997 daAuts
     D:2: 751 daAuts
     D:6: 732 daAuts
     D:1: 665 daAuts
  Lair:2: 437 daAuts
  Temple: 189 daAuts
